 Dungeon Crawl Stone Soup version 0.30-a0-808-g6e0788376e (webtiles) character file.

Game seed: 15506098645401281701

10 Farfigtubin the Sneak (level 2, -1/17 HPs)
             Began as a Kobold Brigand on Feb 26, 2023.
             Slain by Ijyb
             ... wielding a +0 club
              (4 damage)
             ... on level 3 of the Dungeon.
             The game lasted 00:02:27 (185 turns).

Farfigtubin the Sneak (Kobold Brigand)               Turns: 185, Time: 00:02:28

Health: -1/17      AC:  3    Str:  8    XL:     2   Next: 30%
Magic:  2/2        EV: 14    Int: 12    God:
Gold:   0          SH:  0    Dex: 16    Spells: 1/1 levels left

rFire   . . .      SeeInvis .    a - +2 dagger
rCold   . . .      Faith    .    (no shield)
rNeg    . . .      Spirit   .    b - +0 robe
rPois   .          Reflect  .    (no helmet)
rElec   .          Harm     .    c - +0 cloak
rCorr   .          Rampage  .    (no gloves)
Will    .....                    (no boots)
Stlth   ++++                     (no amulet)
HPRegen 0.22/turn                (no ring)
MPRegen 0.08/turn                (no ring)

@: no status effects
A: small, no large weapons, nightstalker 3
a: no special abilities


You were on level 3 of the Dungeon.
You visited 1 branch of the dungeon, and saw 3 of its levels.

Inventory:

Hand Weapons
 a - a +2 dagger (weapon)
Missiles
 d - 9 poisoned darts (quivered)
 e - 2 curare-tipped darts
 f - 5 stones
Armour
 b - a +0 robe (worn)
 c - a +0 cloak (worn)


   Skills:
 - Level 2.1 Fighting
 * Level 3.3 Short Blades
 - Level 2.1 Throwing
 + Level 1.7 Dodging
 + Level 5.5 Stealth


You had one spell level left.
You didn't know any spells.
Your spell library was empty.

Dungeon Overview and Level Annotations

Branches:
Dungeon (3/15)

Altars:

Annotations:
D:2 Sigmund
D:3 Ijyb


Innate Abilities, Weirdness & Mutations

You are small and have problems with some larger weapons.
You are completely attuned to the shadows.


Message History

You climb downwards.
Found 18 gold pieces and a falchion.
Found an escape hatch in the floor.
There is a stone staircase leading up here.
The helpless Sigmund fails to defend himself.
You impale Sigmund!!
Sigmund is almost dead.
The helpless endoplasm fails to defend itself.
You impale the endoplasm!!
You kill the endoplasm!
Sigmund hits you with a +0 scythe.
An endoplasm comes into view.
Found a scroll labelled UXIMPE POTOESCH.
Sigmund gestures at you while chanting. The magic dart hits you!
* * * LOW HITPOINT WARNING * * *
You see here 10 gold pieces.
Sigmund completely misses you.
There is an escape hatch in the floor here.
Sigmund gestures at you while chanting.
You are confused.
You slide downwards.
The hatch slams shut behind you.
There are monsters nearby!
The frilled lizard misses you.
You feel less confused.
Ijyb shouts!
You hear a shout!
The frilled lizard bites you.
* * * LOW HITPOINT WARNING * * *
Throw: 3 darts (curare)
Press: ? - help, Shift-Dir - straight line, f - Ijyb
Aim: Ijyb, wielding a +0 club, wearing a +0 leather armour and carrying a wand of iceblast (8) (55% to hit)
You throw a curare-tipped dart. The curare-tipped dart hits Ijyb.
Ijyb is poisoned.
Ijyb convulses.
Ijyb seems to slow down.
Ijyb is moderately wounded.
You hit Ijyb.
Ijyb is moderately wounded.
The frilled lizard bites you.
* * * LOW HITPOINT WARNING * * *
Ijyb hits you with a +0 club.
You die...

.#####
.....#
...l@#
...g.#
.....+
.#####


You could see Ijyb (very poisoned, slow) and a frilled lizard.

Vanquished Creatures
  2 endoplasms
  4 jackals (D:1)
  A kobold (D:1)
  A frilled lizard (D:1)
8 creatures vanquished.

Notes
Turn   | Place    | Note
-------+----------+-------------------------------------------
     0 | D:1      | Farfigtubin the Kobold Brigand began the quest for the Orb.
     0 | D:1      | Reached XP level 1. HP: 12/12 MP: 1/1
   164 | D:1      | Reached XP level 2. HP: 17/17 MP: 2/2
   171 | D:2      | Noticed Sigmund
   178 | D:3      | Noticed Ijyb
   185 | D:3      | Slain by Ijyb

Illustrated notes

Levels and vault maps discovered:
D:1:      lightli_arrival_quake, layout_rooms
D:2:      layout_rooms, uniq_sigmund, uniq_robin
D:3:      layout_basic, tgw_kikubaaqudgha, serial_shops, nicolae_shop_stone,
          kennysheep_cross_room, uniq_grinder, uniq_ijyb,
          uniq_crazy_yiuf_cottage

Skill      XL: |  1 |
---------------+----+-----
Short Blades   | 3 |  3.3
Fighting       | |  2.1
Throwing       | |  2.1
Dodging        | |  1.7
Stealth        | |  5.5

Action                     || total
---------------------------++-------
  Melee: Dagger            ||    20
  Throw: Dart              ||     1
   Stab: Sleeping          ||     5
 Armour: Robe              ||     6
  Dodge: Dodged            ||    12

Table legend: (Time is in decaauts)
 A = Elapsed time spent in this place.
 B = Non-inter-level travel time spent in this place.
 C = Inter-level travel time spent in this place.
 D = Time resting spent in this place.
 E = Time spent auto-exploring this place.
 F = Levels seen in this place.
 G = Mean time per level.
                   A        B        C        D        E       F      G
               +--------+--------+--------+--------+--------+-----+--------+
         Total |    181 |    181 |      0 |      0 |      0 |   3 |   60.3 |
       Dungeon |    181 |    181 |      0 |      0 |      0 |   3 |   60.3 |
               +--------+--------+--------+--------+--------+-----+--------+

Top non-repeatable levels by time:
     D:1: 168 daAuts
     D:3: 6 daAuts
     D:2: 6 daAuts
